3AAA
FLORIDA MEN @ BRINKLEY BELUGAS
08/15/2027
 
TOP OF THE 1ST
Florida Men batting - Pitching for Brinkley Belugas : RHP Esteban Gómez
Pitching: RHP Esteban Gómez
Batting: SHB Luis Gutiérrez 0-0: Ball
1-0: DOUBLE (Line Drive, 7LM)
Batting: RHB Vojtech Farkas 0-0: Called Strike
0-1: Swinging Strike
0-2: Ball
1-2: Foul Ball, location: 2F
1-2: Strikes out swinging
Batting: RHB Al Thomas 0-0: Foul Ball, location: 2F
0-1: Ball
1-1: Foul Ball, location: 2F
1-2: Foul Ball, location: 2F
1-2: Ball
2-2: Fly out, F9 (Flyball, 9LM)
Batting: LHB Bastyão Lizardo 0-0: Ball
1-0: Ball
2-0: Foul Ball, location: 2F
2-1: Fly out, F5 (Popup, 5D)
Top of the 1st over - 0 run(s), 1 hit(s), 0 error(s), 1 left on base; Florida 0 - Brinkley 0
BOTTOM OF THE 1ST
Brinkley Belugas batting - Pitching for Florida Men : RHP Brian Scalabrine
Pitching: RHP Brian Scalabrine
Batting: RHB Enrico Betancourt 0-0: Ball
1-0: Swinging Strike
1-1: Foul Ball, location: 2F
1-2: Strikes out swinging
Batting: RHB Jay Kidd 0-0: Swinging Strike
0-1: Called Strike
0-2: Strikes out swinging
Batting: LHB Mike Cook 0-0: Ball
1-0: Ball
2-0: Ball
3-0: Base on Balls
Batting: RHB Brandon Cole 0-0: Called Strike
0-1: Foul Ball, location: 2F
0-2: Strikes out looking
Bottom of the 1st over - 0 run(s), 0 hit(s), 0 error(s), 1 left on base; Florida 0 - Brinkley 0
TOP OF THE 2ND
Florida Men batting - Pitching for Brinkley Belugas : RHP Esteban Gómez
Batting: RHB Gilberto Patino 0-0: Ball
1-0: Foul Ball, location: 2F
1-1: Foul Ball, location: 2F
1-2: Foul Ball, location: 2F
1-2: Strikes out swinging
Batting: RHB Lorenzo Díaz 0-0: Ball
1-0: Called Strike
1-1: Called Strike
1-2: Foul Ball, location: 2F
1-2: Strikes out swinging
Batting: LHB Jim Unknown 0-0: Foul Ball, location: 2F
0-1: Ball
1-1: SINGLE (Groundball, 6MD)
Batting: RHB Mesa Altuve 0-0: Ball
1-0: Ball
2-0: Swinging Strike
2-1: Ball
3-1: Foul Ball, location: 2F
3-2: Foul Ball, location: 2F
3-2: Ground out 5-3 (Groundball, 56S)
Top of the 2nd over - 0 run(s), 1 hit(s), 0 error(s), 1 left on base; Florida 0 - Brinkley 0
BOTTOM OF THE 2ND
Brinkley Belugas batting - Pitching for Florida Men : RHP Brian Scalabrine
Batting: LHB Mario Nieves 0-0: Swinging Strike
0-1: Ball
1-1: Ball
2-1: DOUBLE (Groundball, 3L)
Batting: RHB Parker Smith 0-0: Ball
1-0: Foul Ball, location: 2F
1-1: Ball
2-1: Ball
3-1: Base on Balls
Batting: SHB Zuberi Mccray 0-0: Called Strike
0-1: DOUBLE (Line Drive, 9LM)
Mario Nieves scores
Parker Smith to third
Runner from 3rd tries for Home, throw and OUT!
Batting: RHB Leo Cadden 0-0: Called Strike
0-1: Called Strike
0-2: Ball
1-2: Strikes out swinging
Batting: RHB Randy Tucker 0-0: Ball
1-0: Swinging Strike
1-1: Ball
2-1: SINGLE (Line Drive, 89M)
Zuberi Mccray to third
Runner from 3rd tries for Home, SAFE, no throw
Batting: RHB Enrico Betancourt 0-0: Ball
Randy Tucker steals 2nd base
1-0: Ground out 5-3 (Groundball, 5L)
Bottom of the 2nd over - 2 run(s), 3 hit(s), 0 error(s), 1 left on base; Florida 0 - Brinkley 2
TOP OF THE 3RD
Florida Men batting - Pitching for Brinkley Belugas : RHP Esteban Gómez
Batting: RHB Jim Unknown 0-0: Swinging Strike
0-1: Ground out 6-3 (Groundball, 6)
Batting: SHB Luis Gutiérrez 0-0: Ball
1-0: Ball
2-0: Called Strike
2-1: Foul Ball, location: 2F
2-2: Foul Ball, location: 2F
2-2: Foul Ball, location: 2F
2-2: Strikes out swinging
Batting: RHB Vojtech Farkas 0-0: SOLO HOME RUN (Line Drive, 89D), Distance : 411 ft
Batting: RHB Al Thomas 0-0: Swinging Strike
0-1: Fly out, F9 (Flyball, 89S)
Top of the 3rd over - 1 run(s), 1 hit(s), 0 error(s), 0 left on base; Florida 1 - Brinkley 2
BOTTOM OF THE 3RD
Brinkley Belugas batting - Pitching for Florida Men : RHP Brian Scalabrine
Batting: RHB Jay Kidd 0-0: Ground out 1-3 (Groundball, P)
Batting: LHB Mike Cook 0-0: Called Strike
0-1: Ball
1-1: Ball
2-1: Ground out U3 (Groundball, 34)
Batting: RHB Brandon Cole 0-0: Called Strike
0-1: Swinging Strike
0-2: Foul Ball, location: 2F
0-2: Foul Ball, location: 2F
0-2: Ball
1-2: Strikes out swinging
Bottom of the 3rd over - 0 run(s), 0 hit(s), 0 error(s), 0 left on base; Florida 1 - Brinkley 2
TOP OF THE 4TH
Florida Men batting - Pitching for Brinkley Belugas : RHP Esteban Gómez
Batting: LHB Bastyão Lizardo 0-0: Fly out, F8 (Flyball, 78D)
Batting: RHB Gilberto Patino 0-0: Ball
1-0: DOUBLE (Flyball, 78XD)
Batting: RHB Lorenzo Díaz 0-0: Ball
1-0: Swinging Strike
1-1: SINGLE (Groundball, 34D)
Gilberto Patino to third
Runner from 3rd tries for Home, throw and OUT!
Lorenzo Díaz to second
Batting: LHB Jim Unknown 0-0: Called Strike
0-1: Fly out, F3 (Line Drive, 34)
Top of the 4th over - 0 run(s), 2 hit(s), 0 error(s), 1 left on base; Florida 1 - Brinkley 2
BOTTOM OF THE 4TH
Brinkley Belugas batting - Pitching for Florida Men : RHP Brian Scalabrine
Batting: LHB Mario Nieves 0-0: Called Strike
0-1: Fly out, F8 (Flyball, 78S)
Batting: RHB Parker Smith 0-0: Ball
1-0: Ball
2-0: Ground out 6-3 (Groundball, 6)
Batting: SHB Zuberi Mccray 0-0: Foul Ball, location: 2F
0-1: Ball
1-1: Ball
2-1: Foul Ball, location: 2F
2-2: Foul Ball, location: 2F
2-2: SINGLE (Groundball, 34D)
Batting: RHB Leo Cadden 0-0: Ball
1-0: Foul Ball, location: 2F
1-1: Swinging Strike
1-2: Ball
2-2: Foul Ball, location: 2F
2-2: Ball
3-2: Base on Balls
Zuberi Mccray to second
Batting: RHB Randy Tucker 0-0: Called Strike
0-1: Fly out, F5 (Popup, 5)
Bottom of the 4th over - 0 run(s), 1 hit(s), 0 error(s), 2 left on base; Florida 1 - Brinkley 2
TOP OF THE 5TH
Florida Men batting - Pitching for Brinkley Belugas : RHP Esteban Gómez
Batting: RHB Mesa Altuve 0-0: Swinging Strike
0-1: SINGLE (Groundball, 34S) (infield hit)
Batting: RHB Jim Unknown 0-0: Ball
1-0: Fly out, F9 (Flyball, 9)
Batting: SHB Luis Gutiérrez 0-0: Ball
1-0: Foul Ball, location: 2F
1-1: Swinging Strike
1-2: Ball
2-2: Ball
3-2: Strikes out swinging
Batting: RHB Vojtech Farkas 0-0: Called Strike
0-1: Ball
1-1: Ball
2-1: SINGLE (Groundball, 4S) (infield hit)
Mesa Altuve to second
Batting: RHB Al Thomas 0-0: Ball
1-0: Ball
2-0: Ball
3-0: Called Strike
3-1: SINGLE (Groundball, 56D)
Mesa Altuve to third
Vojtech Farkas to second
Runner from 3rd tries for Home, SAFE, no throw
Batting: LHB Bastyão Lizardo 0-0: Called Strike
0-1: Swinging Strike
0-2: Strikes out looking
Top of the 5th over - 1 run(s), 3 hit(s), 0 error(s), 2 left on base; Florida 2 - Brinkley 2
BOTTOM OF THE 5TH
Brinkley Belugas batting - Pitching for Florida Men : RHP Brian Scalabrine
Batting: RHB Enrico Betancourt 0-0: Ball
1-0: Called Strike
1-1: Foul Ball, location: 2F
1-2: Strikes out looking
Batting: RHB Jay Kidd 0-0: Ball
1-0: Swinging Strike
1-1: Foul Ball, location: 2F
1-2: SINGLE (Line Drive, 4MD)
Batting: LHB Mike Cook 0-0: Ball
1-0: Ball
2-0: Called Strike
2-1: Swinging Strike
2-2: Ball
3-2: Strikes out looking
Batting: RHB Brandon Cole 0-0: Ball
1-0: Fly out, F7 (Flyball, 7S)
Bottom of the 5th over - 0 run(s), 1 hit(s), 0 error(s), 1 left on base; Florida 2 - Brinkley 2
TOP OF THE 6TH
Florida Men batting - Pitching for Brinkley Belugas : RHP Esteban Gómez
Batting: RHB Gilberto Patino 0-0: Ball
1-0: DOUBLE (Line Drive, 9D)
Batting: RHB Lorenzo Díaz 0-0: Called Strike
0-1: Fly out, F8 (Line Drive, 8RM)
Batting: LHB Jim Unknown 0-0: Intentional Walk
Batting: RHB Mesa Altuve 0-0: Ball
1-0: Fly out, F9 (Flyball, 9S)
Lined into DP, 9-6 (Flyball, 9S)
Top of the 6th over - 0 run(s), 1 hit(s), 0 error(s), 1 left on base; Florida 2 - Brinkley 2
BOTTOM OF THE 6TH
Brinkley Belugas batting - Pitching for Florida Men : RHP Brian Scalabrine
Batting: LHB Mario Nieves 0-0: Reached via error on a dropped throw, E1
Batting: RHB Parker Smith 0-0: Sac Bunt - play at first, batter OUT! 1-4
Mario Nieves to second
Batting: SHB Zuberi Mccray 0-0: Ball
1-0: Foul Ball, location: 2F
1-1: SINGLE (Line Drive, 34D)
Mario Nieves to third
Batting: RHB Leo Cadden 0-0: Foul Ball, location: 2F
0-1: Ball
1-1: Ball
2-1: Ball
3-1: Base on Balls
Zuberi Mccray to second
Batting: RHB Randy Tucker 0-0: Called Strike
0-1: Called Strike
0-2: Grounds into double play, 6-4-3 (Groundball, 6)
Bottom of the 6th over - 0 run(s), 1 hit(s), 1 error(s), 2 left on base; Florida 2 - Brinkley 2
TOP OF THE 7TH
Florida Men batting - Pitching for Brinkley Belugas : RHP Esteban Gómez
Batting: RHB Jim Unknown 0-0: Called Strike
0-1: Swinging Strike
0-2: Ground out 6-3 (Groundball, 6)
Pinch Hitting: SHB Spencer Landes 0-0: Ball
1-0: Ground out U3 (Groundball, 3)
Batting: RHB Vojtech Farkas 0-0: SOLO HOME RUN (Flyball, 8LXD), Distance : 440 ft
Batting: RHB Al Thomas 0-0: Fly out, F9 (Flyball, 9LSF)
Top of the 7th over - 1 run(s), 1 hit(s), 0 error(s), 0 left on base; Florida 3 - Brinkley 2
BOTTOM OF THE 7TH
Brinkley Belugas batting - Pitching for Florida Men : RHP Brian Scalabrine
Now in CF: Jim Unknown
Batting: RHB Enrico Betancourt 0-0: Swinging Strike
0-1: Ball
1-1: SINGLE (Flyball, 89M)
Batting: RHB Jay Kidd 0-0: Bunted foul
0-1: Ball
1-1: Foul Ball, location: 2F
1-2: Ground out 6-3 (Groundball, 6)
Enrico Betancourt to second
Batting: LHB Mike Cook 0-0: Called Strike
0-1: Ball
1-1: Ball
2-1: Ground out 4-3 (Groundball, 34)
Enrico Betancourt to third
Batting: RHB Brandon Cole 0-0: Foul Ball, location: 2F
0-1: Hit by Pitch
Batting: LHB Mario Nieves 0-0: Called Strike
0-1: Ball
Wild Pitch!
Enrico Betancourt scores
Brandon Cole to second
1-1: Called Strike
1-2: SINGLE (Groundball, 56D)
Brandon Cole to third
Runner from 3rd tries for Home, SAFE, no throw
Batting: RHB Parker Smith 0-0: Ball
1-0: Ball
2-0: Ball
3-0: Called Strike
3-1: SINGLE (Line Drive, 89S)
Mario Nieves to second
Pitching: RHP Pompeyo Davalillo
Batting: SHB Zuberi Mccray 0-0: Ground out 1-3 (Groundball, 13S)
Bottom of the 7th over - 2 run(s), 3 hit(s), 0 error(s), 2 left on base; Florida 3 - Brinkley 4
TOP OF THE 8TH
Florida Men batting - Pitching for Brinkley Belugas : RHP Esteban Gómez
Pitching: LHP Jim Unknown
Now at C: Ubbe van Antwerpen
Now in CF: Manny Carbajal
Batting: LHB Bastyão Lizardo 0-0: Ball
1-0: SINGLE (Groundball, 3D)
Batting: RHB Gilberto Patino 0-0: Ball
1-0: Ball
2-0: Foul Ball, location: 2F
2-1: Ball
3-1: Base on Balls
Bastyão Lizardo to second
Batting: RHB Lorenzo Díaz 0-0: Bunted foul
0-1: Sac Bunt - play at first, batter OUT! 1-4
Bastyão Lizardo to third
Gilberto Patino to second
Batting: LHB Jim Unknown 0-0: Foul Ball, location: 2F
0-1: Ball
1-1: Ground out 3-1 (Groundball, 34)
Pinch Hitting: RHB Freddy Carea 0-0: Foul Ball, location: 2F
0-1: Ball
Wild Pitch!
Bastyão Lizardo scores
Gilberto Patino to third
1-1: Intentional Walk
Batting: RHB Jim Unknown 0-0: Called Strike
0-1: Called Strike
0-2: Ball
1-2: Strikes out swinging
Top of the 8th over - 1 run(s), 1 hit(s), 0 error(s), 2 left on base; Florida 4 - Brinkley 4
BOTTOM OF THE 8TH
Brinkley Belugas batting - Pitching for Florida Men : RHP Pompeyo Davalillo
Now at SS: Israel Sanders
Pinch Hitting: LHB Marcos Deleón 0-0: Ball
1-0: Fly out, F8 (Flyball, 8LM)
Pinch Hitting: RHB Steve Jones 0-0: Ball
1-0: Swinging Strike
1-1: Called Strike
1-2: Strikes out swinging
Pinch Hitting: LHB Eric Porter 0-0: Ball
1-0: Foul Ball, location: 2F
1-1: Foul Ball, location: 2F
1-2: Foul Ball, location: 2F
1-2: Ball
2-2: Ball
3-2: DOUBLE (Flyball, 8RD)
Pinch Hitting: LHB Natale Langushi 0-0: Foul Ball, location: 2F
0-1: Called Strike
0-2: Ball
1-2: Ball
2-2: Ball
3-2: Strikes out swinging
Bottom of the 8th over - 0 run(s), 1 hit(s), 0 error(s), 1 left on base; Florida 4 - Brinkley 4
TOP OF THE 9TH
Florida Men batting - Pitching for Brinkley Belugas : LHP Jim Unknown
Now at 2B: Natale Langushi
Now in LF: Henry Cameron
Now in CF: Kelly Harris
Now in RF: Steve Jones
Batting: RHB Jim Unknown 0-0: Called Strike
0-1: Fly out, F5 (Line Drive, 56)
Batting: RHB Vojtech Farkas 0-0: Ball
1-0: Called Strike
1-1: Ball
2-1: Ball
3-1: Called Strike
3-2: Base on Balls
Batting: RHB Al Thomas 0-0: Grounds into double play, 5-4-3 (Groundball, 5L)
Top of the 9th over - 0 run(s), 0 hit(s), 0 error(s), 0 left on base; Florida 4 - Brinkley 4
BOTTOM OF THE 9TH
Brinkley Belugas batting - Pitching for Florida Men : RHP Pompeyo Davalillo
Pitching: RHP Jim Unknown
Batting: LHB Mike Cook 0-0: Ground out 6-3 (Groundball, 6D)
Batting: RHB Brandon Cole 0-0: Foul Ball, location: 2F
0-1: Fly out, F9 (Flyball, 9LS)
Batting: LHB Mario Nieves 0-0: Called Strike
0-1: Ball
1-1: Ground out 1-3 (Groundball, 13S)
Bottom of the 9th over - 0 run(s), 0 hit(s), 0 error(s), 0 left on base; Florida 4 - Brinkley 4
TOP OF THE 10TH
Florida Men batting - Pitching for Brinkley Belugas : LHP Jim Unknown
Pitching: LHP Ramón García
Pinch Hitting: RHB Joe Andrews 0-0: Ball
1-0: Ground out 2-3 (Groundball, 2R)
Pinch Hitting: RHB Aaron Phillips 0-0: Ball
1-0: Ball
2-0: Called Strike
2-1: Foul Ball, location: 2F
2-2: Ball
3-2: Foul Ball, location: 2F
3-2: Strikes out swinging
Batting: RHB Lorenzo Díaz 0-0: Ball
1-0: Called Strike
1-1: Ball
2-1: Ground out 6-3 (Groundball, 6)
Top of the 10th over - 0 run(s), 0 hit(s), 0 error(s), 0 left on base; Florida 4 - Brinkley 4
BOTTOM OF THE 10TH
Brinkley Belugas batting - Pitching for Florida Men : RHP Jim Unknown
Now at C: Phil Baker
Now at 1B: Aaron Phillips
Batting: RHB Parker Smith 0-0: Ball
1-0: Ball
2-0: Ground out 5-3 (Groundball, 5)
Batting: LHB Ubbe van Antwerpen 0-0: Fly out, F7 (Flyball, 7S)
Batting: RHB Kelly Harris 0-0: Swinging Strike
0-1: Ball
1-1: Foul Ball, location: 2F
1-2: Strikes out swinging
Bottom of the 10th over - 0 run(s), 0 hit(s), 0 error(s), 0 left on base; Florida 4 - Brinkley 4
TOP OF THE 11TH
Florida Men batting - Pitching for Brinkley Belugas : LHP Ramón García
Batting: LHB Jim Unknown 0-0: Ball
1-0: Ball
2-0: Called Strike
2-1: Fly out, F4 (Line Drive, 4)
Batting: RHB Israel Sanders 0-0: Ball
1-0: Ball
2-0: Called Strike
2-1: Foul Ball, location: 2F
2-2: Ground out 6-3 (Groundball, 6S)
Batting: RHB Jim Unknown 0-0: Ball
1-0: Ball
2-0: Foul Ball, location: 2F
2-1: Swinging Strike
2-2: Ground out 6-3 (Groundball, 6)
Top of the 11th over - 0 run(s), 0 hit(s), 0 error(s), 0 left on base; Florida 4 - Brinkley 4
BOTTOM OF THE 11TH
Brinkley Belugas batting - Pitching for Florida Men : RHP Jim Unknown
Pitching: RHP Pedro Núñez
Batting: RHB Steve Jones 0-0: Ball
1-0: Ball
2-0: Called Strike
2-1: Foul Ball, location: 2F
2-2: Foul Ball, location: 2F
2-2: Ball
3-2: Ground out 6-3 (Groundball, 6)
Pinch Hitting: LHB Peter Paul 0-0: Called Strike
0-1: Foul Ball, location: 2F
0-2: Ball
1-2: Ball
2-2: Ground out 4-3 (Groundball, 34D)
Batting: LHB Natale Langushi 0-0: Ball
1-0: Ball
2-0: Foul Ball, location: 2F
2-1: Foul Ball, location: 2F
2-2: Ball
3-2: Ground out U3 (Groundball, 34S)
Bottom of the 11th over - 0 run(s), 0 hit(s), 0 error(s), 0 left on base; Florida 4 - Brinkley 4
TOP OF THE 12TH
Florida Men batting - Pitching for Brinkley Belugas : LHP Ramón García
Pitching: LHP Don Teehan
Now in LF: Peter Paul
Batting: RHB Jim Unknown 0-0: Ball
1-0: Ball
2-0: Fly out, F9 (Flyball, 9S)
Batting: RHB Vojtech Farkas 0-0: Ball
1-0: Ball
2-0: Ball
3-0: Base on Balls
Batting: RHB Al Thomas 0-0: Ball
1-0: Ball
2-0: Called Strike
2-1: Foul Ball, location: 2F
2-2: Foul Ball, location: 2F
2-2: Strikes out looking
Batting: RHB Phil Baker 0-0: Ground out 5-3 (Groundball, 56S)
Top of the 12th over - 0 run(s), 0 hit(s), 0 error(s), 1 left on base; Florida 4 - Brinkley 4
BOTTOM OF THE 12TH
Brinkley Belugas batting - Pitching for Florida Men : RHP Pedro Núñez
Batting: LHB Mike Cook 0-0: Called Strike
0-1: Ground out 4-3 (Groundball, 4)
Batting: RHB Brandon Cole 0-0: Called Strike
0-1: Ball
1-1: Ball
2-1: Foul Ball, location: 2F
2-2: Ball
3-2: Reached on error, E2 (Popup, 2R)
Batting: LHB Mario Nieves 0-0: Called Strike
0-1: Foul Ball, location: 2F
0-2: Foul Ball, location: 2F
0-2: Grounds into double play, 4-6-3 (Groundball, 4)
Bottom of the 12th over - 0 run(s), 0 hit(s), 1 error(s), 0 left on base; Florida 4 - Brinkley 4
TOP OF THE 13TH
Florida Men batting - Pitching for Brinkley Belugas : LHP Don Teehan
Batting: RHB Aaron Phillips 0-0: Ball
1-0: Called Strike
1-1: Ball
2-1: Ground out 6-3 (Groundball, 6)
Batting: RHB Lorenzo Díaz 0-0: Called Strike
0-1: Swinging Strike
0-2: Foul Ball, location: 2F
0-2: Ball
1-2: Ball
2-2: Ground out 6-3 (Groundball, 6)
Batting: LHB Jim Unknown 0-0: Ball
1-0: Called Strike
1-1: Ball
2-1: Foul Ball, location: 2F
2-2: Ball
3-2: Foul Ball, location: 2F
3-2: Foul Ball, location: 2F
3-2: Strikes out swinging
Top of the 13th over - 0 run(s), 0 hit(s), 0 error(s), 0 left on base; Florida 4 - Brinkley 4
BOTTOM OF THE 13TH
Brinkley Belugas batting - Pitching for Florida Men : RHP Pedro Núñez
Batting: RHB Parker Smith 0-0: SINGLE (Line Drive, 89S)
Batting: LHB Ubbe van Antwerpen 0-0: Called Strike
0-1: Ball
1-1: Swinging Strike
1-2: Ball
2-2: Ball
3-2: Foul Ball, location: 2F
3-2: Base on Balls
Parker Smith to second
Batting: RHB Kelly Harris 0-0: Ball
1-0: Bunted foul
1-1: Bunted foul
1-2: Grounds into double play, 4-6-3 (Groundball, 4)
Parker Smith to third
Batting: RHB Steve Jones 0-0: Fly out, F8 (Flyball, 89M)
Bottom of the 13th over - 0 run(s), 1 hit(s), 0 error(s), 1 left on base; Florida 4 - Brinkley 4
TOP OF THE 14TH
Florida Men batting - Pitching for Brinkley Belugas : LHP Don Teehan
Batting: RHB Israel Sanders 0-0: Ball
1-0: Ball
2-0: Ground out 6-3 (Groundball, 6)
Batting: RHB Jim Unknown 0-0: Ground out 3-1 (Groundball, 34)
Batting: RHB Jim Unknown 0-0: Ball
1-0: Called Strike
1-1: Ball
2-1: Foul Ball, location: 2F
2-2: Strikes out swinging
Top of the 14th over - 0 run(s), 0 hit(s), 0 error(s), 0 left on base; Florida 4 - Brinkley 4
BOTTOM OF THE 14TH
Brinkley Belugas batting - Pitching for Florida Men : RHP Pedro Núñez
Batting: LHB Peter Paul 0-0: Called Strike
0-1: Ball
1-1: Ball
2-1: Ball
3-1: Foul Ball, location: 2F
3-2: Foul Ball, location: 2F
3-2: Ground out 4-3 (Groundball, 4)
Batting: LHB Natale Langushi 0-0: Ball
1-0: Foul Ball, location: 2F
1-1: Ball
2-1: Foul Ball, location: 2F
2-2: Foul Ball, location: 2F
2-2: SINGLE (Groundball, 3D)
Batting: LHB Mike Cook 0-0: Ball
1-0: Ball
2-0: 2-RUN HOME RUN (Flyball, 9D), Distance : 388 ft
Saturday, May 26th, 2018 - OOTP Baseball 17.12 Build 75